General information
- name: BNet
- type: Ladder team game (AT/RT)
- host: Battle.net
- saver: DSSN
map: Friends
- players: 8
- length: 31:51
- speed: Fast
- version: 1.26 W3XP
- replay type: Public
» download(230 KB)
Players
team 1 (winner)
Bura1 (
red | 60 APM | 1906 actions | 31:50)
5 Death Knight
2 Death Coil
3 Unholy Aura
4 Dreadlord
2 Sleep
1 Carrion Swarm
1 Vampiric Aura
1 Crypt Lord
1 Impale
» actions
| Assign group hotkey | 22 | |
| Basic commands | 258 | |
| Build / train | 79 | |
| ESC pressed | 1 | |
| Enter build submenu | 25 | |
| Enter hero's abilities submenu | 11 | |
| Right click | 677 | |
| Select / deselect | 273 | |
| Select group hotkey | 461 | |
| Use ability | 99 | |
1906 total
» units
| Acolyte | 8 | |
| Ghoul | 16 | |
| Crypt Fiend | 7 | |
| Forest Troll Shadow Priest | 1 | |
| Necromancer | 7 | |
39 total
» upgrades
| Web | 1 | |
| Creature Attack | 2 | |
| Creature Carapace | 2 | |
| Burrow | 1 | |
| Necromancer Training | 2 | |
| Banshee Training | 2 | |
| Skeletal Longevity | 1 | |
| Skeletal Mastery | 1 | |
12 total
» buildings
| Crypt | 2 | |
| Ziggurat | 8 | |
| Altar of Darkness | 1 | |
| Halls of the Dead | 1 | |
| Graveyard | 1 | |
| Necropolis | 1 | |
| Sacrificial Pit | 1 | |
| Black Citadel | 1 | |
| Temple of the Damned | 4 | |
20 total
» build order
00:11 Crypt
00:15 Ziggurat
00:39 Crypt
01:06 Ziggurat
03:16 Altar of Darkness
05:32 Halls of the Dead
05:36 Graveyard
06:50 Necropolis
07:07 Ziggurat
07:40 Ziggurat
16:05 Ziggurat
16:05 Ziggurat
16:06 Ziggurat
16:10 Ziggurat
22:26 Sacrificial Pit
22:28 Black Citadel
24:35 Temple of the Damned
27:23 Temple of the Damned
27:24 Temple of the Damned
27:26 Temple of the Damned
» items
| Rod of Necromancy | 2 | |
| The Lion Horn of Stormwind | 1 | |
| Healing Wards | 1 | |
| Potion of Healing | 1 | |
| Scroll of Healing | 3 | |
| Scroll of Town Portal | 4 | |
| Orb of Corruption | 1 | |
13 total

»
DSSN (
green | 91 APM | 2913 actions | 31:51)
7 Death Knight
3 Death Coil
3 Unholy Aura
1 Animate Dead
6 Lich
3 Frost Nova
2 Frost Armor
1 Death and Decay
» actions
| Assign group hotkey | 34 | |
| Basic commands | 64 | |
| Build / train | 143 | |
| ESC pressed | 4 | |
| Enter build submenu | 34 | |
| Enter hero's abilities submenu | 14 | |
| Right click | 1344 | |
| Select / deselect | 584 | |
| Select group hotkey | 542 | |
| Use ability | 150 | |
2913 total
» units
| Acolyte | 13 | |
| Ghoul | 13 | |
| Crypt Fiend | 19 | |
| Obsidian Statue | 2 | |
| Goblin Zeppelin | 2 | |
| Abomination | 5 | |
54 total
» upgrades
| Creature Attack | 3 | |
| Creature Carapace | 3 | |
| Web | 1 | |
| Burrow | 1 | |
| Ghoul Frenzy | 1 | |
| Destroyer Form | 1 | |
| Unholy Armor | 3 | |
| Disease Cloud | 1 | |
| Cannibalize | 1 | |
| Unholy Strength | 1 | |
16 total
» buildings
| Altar of Darkness | 1 | |
| Ziggurat | 15 | |
| Crypt | 2 | |
| Graveyard | 2 | |
| Tomb of Relics | 1 | |
| Nerubian Tower | 3 | |
| Halls of the Dead | 3 | |
| Spirit Tower | 23 | |
| Black Citadel | 3 | |
| Slaughterhouse | 1 | |
| Necropolis | 3 | |
| Sacrificial Pit | 1 | |
58 total
» build order
00:09 Altar of Darkness
00:10 Ziggurat
00:42 Crypt
01:03 Graveyard
01:20 Tomb of Relics
01:37 Ziggurat
02:45 Nerubian Tower
02:45 Nerubian Tower
06:05 Ziggurat
06:11 Halls of the Dead
06:11 Halls of the Dead
06:59 Spirit Tower
07:18 Ziggurat
08:19 Spirit Tower
08:19 Spirit Tower
10:12 Black Citadel
10:12 Black Citadel
10:12 Black Citadel
10:59 Slaughterhouse
13:13 Crypt
15:48 Ziggurat
16:43 Spirit Tower
17:24 Ziggurat
18:59 Necropolis
19:17 Spirit Tower
20:16 Ziggurat
20:19 Ziggurat
21:39 Spirit Tower
21:53 Ziggurat
22:10 Ziggurat
22:45 Spirit Tower
22:45 Spirit Tower
23:08 Nerubian Tower
23:12 Ziggurat
23:16 Ziggurat
23:30 Ziggurat
23:34 Spirit Tower
23:34 Spirit Tower
23:43 Spirit Tower
24:28 Spirit Tower
24:47 Spirit Tower
25:29 Spirit Tower
28:00 Ziggurat
28:02 Sacrificial Pit
28:55 Spirit Tower
28:55 Spirit Tower
29:44 Graveyard
29:59 Ziggurat
31:48 Necropolis
31:50 Necropolis
» items
| Rod of Necromancy | 1 | |
| Scroll of Town Portal | 6 | |
| Potion of Healing | 2 | |
| Alleria's Flute of Accuracy | 1 | |
| Orb of Corruption | 1 | |
| Scroll of Healing | 1 | |
12 total
Dmitro (
orange | 38 APM | 1217 actions | 31:50)
8 Dreadlord
2 Vampiric Aura
3 Carrion Swarm
1 Inferno
2 Sleep
» actions
| Assign group hotkey | 11 | |
| Basic commands | 3 | |
| Build / train | 67 | |
| Enter build submenu | 17 | |
| Enter hero's abilities submenu | 8 | |
| Remove unit from queue | 1 | |
| Right click | 476 | |
| Select / deselect | 147 | |
| Select group hotkey | 437 | |
| Use ability | 50 | |
1217 total
» units
| Acolyte | 7 | |
| Ghoul | 9 | |
| Frost Wyrm | 8 | |
| Goblin Zeppelin | 1 | |
| Goblin Sapper | 7 | |
32 total
» upgrades
| Creature Attack | 3 | |
| Creature Carapace | 3 | |
| Freezing Breath | 1 | |
7 total
» buildings
| Ziggurat | 8 | |
| Altar of Darkness | 1 | |
| Crypt | 1 | |
| Tomb of Relics | 1 | |
| Graveyard | 1 | |
| Nerubian Tower | 2 | |
| Halls of the Dead | 1 | |
| Black Citadel | 1 | |
| Sacrificial Pit | 1 | |
| Boneyard | 2 | |
| Spirit Tower | 6 | |
| Necropolis | 1 | |
26 total
» build order
00:32 Ziggurat
00:35 Altar of Darkness
00:37 Crypt
01:02 Tomb of Relics
01:10 Graveyard
01:31 Ziggurat
02:11 Nerubian Tower
03:52 Halls of the Dead
05:51 Ziggurat
05:53 Ziggurat
05:57 Ziggurat
06:17 Black Citadel
06:27 Sacrificial Pit
08:39 Boneyard
08:41 Boneyard
08:44 Ziggurat
08:48 Ziggurat
09:01 Spirit Tower
09:06 Spirit Tower
15:57 Necropolis
18:18 Ziggurat
19:28 Spirit Tower
19:51 Spirit Tower
20:01 Spirit Tower
22:34 Nerubian Tower
22:37 Spirit Tower
» items
| Rod of Necromancy | 1 | |
| Scroll of Town Portal | 3 | |
| Orb of Corruption | 1 | |
| Potion of Healing | 2 | |
| Potion of Mana | 1 | |
8 total
Le_SkaTeUr (
yellow | 56 APM | 1797 actions | 31:50)
6 Crypt Lord
3 Spiked Carapace
2 Impale
1 Locust Swarm
» actions
| Assign group hotkey | 25 | |
| Basic commands | 7 | |
| Build / train | 79 | |
| Enter build submenu | 24 | |
| Enter hero's abilities submenu | 6 | |
| Right click | 687 | |
| Select / deselect | 450 | |
| Select group hotkey | 470 | |
| Use ability | 49 | |
1797 total
» units
| Acolyte | 16 | |
| Ghoul | 9 | |
| Meatwagon | 10 | |
| Goblin Shredder | 1 | |
| Abomination | 11 | |
47 total
» upgrades
| Unholy Strength | 3 | |
| Unholy Armor | 3 | |
| Cannibalize | 1 | |
| Disease Cloud | 1 | |
| Exhume Corpses | 1 | |
9 total
» buildings
| Ziggurat | 15 | |
| Altar of Darkness | 2 | |
| Crypt | 1 | |
| Graveyard | 1 | |
| Nerubian Tower | 3 | |
| Halls of the Dead | 2 | |
| Tomb of Relics | 2 | |
| Sacrificial Pit | 1 | |
| Slaughterhouse | 4 | |
| Black Citadel | 1 | |
| Necropolis | 1 | |
| Spirit Tower | 3 | |
36 total
» build order
00:07 Ziggurat
00:11 Altar of Darkness
00:14 Crypt
01:11 Graveyard
01:52 Ziggurat
02:19 Nerubian Tower
04:20 Halls of the Dead
04:52 Ziggurat
05:11 Tomb of Relics
05:17 Ziggurat
05:23 Ziggurat
06:46 Sacrificial Pit
06:52 Slaughterhouse
06:54 Slaughterhouse
07:00 Black Citadel
15:02 Ziggurat
15:03 Ziggurat
15:11 Ziggurat
17:17 Nerubian Tower
18:22 Necropolis
21:22 Slaughterhouse
21:23 Slaughterhouse
21:30 Altar of Darkness
21:32 Tomb of Relics
23:31 Spirit Tower
23:52 Ziggurat
23:57 Ziggurat
24:21 Ziggurat
24:25 Ziggurat
24:48 Nerubian Tower
24:57 Halls of the Dead
25:11 Spirit Tower
30:46 Spirit Tower
30:49 Ziggurat
30:49 Ziggurat
30:50 Ziggurat
» items
| Potion of Healing | 3 | |
| Potion of Mana | 3 | |
| Orb of Corruption | 1 | |
7 total
team 2 (loser)

»
Mr.Please (
teal | 57 APM | 1830 actions | 31:50)
5 Warden
3 Shadow Strike
2 Blink
» actions
| Assign group hotkey | 22 | |
| Basic commands | 121 | |
| Build / train | 123 | |
| Enter build submenu | 44 | |
| Enter hero's abilities submenu | 5 | |
| Remove unit from queue | 2 | |
| Right click | 796 | |
| Select / deselect | 507 | |
| Select group hotkey | 82 | |
| Use ability | 128 | |
1830 total
» units
| Wisp | 34 | |
| Archer | 11 | |
| Ghoul | 1 | |
| Dryad | 13 | |
| Huntress | 2 | |
| Crypt Fiend | 2 | |
| Druid of the Claw | 4 | |
| Acolyte | 10 | |
| Chimaera | 3 | |
| Hippogryph | 6 | |
| Druid of the Talon | 2 | |
88 total
» upgrades
| Strength of the Wild | 3 | |
| Druid of the Claw Training | 2 | |
| Well Spring | 1 | |
| Mark of the Claw | 1 | |
| Abolish Magic | 1 | |
| Druid of the Talon Training | 2 | |
| Mark of the Talon | 1 | |
| Corrosive Breath | 1 | |
12 total
» buildings
| Altar of Elders | 1 | |
| Moon Well | 18 | |
| Ancient of War | 1 | |
| Tree of Life | 4 | |
| Tree of Ages | 1 | |
| Hunter's Hall | 1 | |
| Ancient of Lore | 2 | |
| Tree of Eternity | 1 | |
| Spirit Tower | 4 | |
| Ziggurat | 7 | |
| Ancient of Wind | 2 | |
| Chimaera Roost | 2 | |
| Ancient of Wonders | 1 | |
45 total
» build order
00:15 Altar of Elders
00:26 Moon Well
01:13 Ancient of War
01:37 Moon Well
02:37 Moon Well
02:43 Moon Well
03:41 Tree of Life
05:30 Tree of Ages
06:37 Hunter's Hall
06:40 Moon Well
06:44 Moon Well
07:03 Moon Well
08:58 Tree of Life
09:24 Ancient of Lore
09:25 Ancient of Lore
09:27 Tree of Eternity
11:42 Spirit Tower
15:21 Tree of Life
16:45 Ziggurat
16:50 Ziggurat
20:10 Ancient of Wind
20:15 Ancient of Wind
21:10 Spirit Tower
21:11 Ziggurat
21:13 Ziggurat
21:14 Ziggurat
21:39 Moon Well
21:40 Moon Well
21:43 Moon Well
21:45 Moon Well
21:47 Moon Well
22:02 Tree of Life
22:07 Chimaera Roost
22:13 Chimaera Roost
23:20 Ancient of Wonders
23:30 Ziggurat
23:32 Ziggurat
23:35 Spirit Tower
23:51 Moon Well
23:54 Moon Well
23:58 Moon Well
25:16 Spirit Tower
27:51 Moon Well
27:55 Moon Well
28:00 Moon Well
» items
| Boots of Quel'Thalas +6 | 1 | |
| Alleria's Flute of Accuracy | 1 | |
| Potion of Healing | 1 | |
| Scroll of Town Portal | 7 | |
10 total

»
boson (
purple | 84 APM | 2655 actions | 31:35)
5 Pit Lord
3 Rain of Fire
2 Howl of Terror
3 Pandaren Brewmaster
2 Breath of Fire
1 Drunken Haze
» actions
| Assign group hotkey | 83 | |
| Basic commands | 34 | |
| Build / train | 115 | |
| Enter build submenu | 18 | |
| Enter hero's abilities submenu | 8 | |
| Give item / drop item | 1 | |
| Remove unit from queue | 6 | |
| Right click | 1151 | |
| Select / deselect | 507 | |
| Select group hotkey | 573 | |
| Use ability | 159 | |
2655 total
» units
| Wisp | 10 | |
| Archer | 9 | |
| Druid of the Claw | 8 | |
| Hippogryph | 19 | |
| Dryad | 12 | |
| Mountain Giant | 1 | |
59 total
» upgrades
| Druid of the Claw Training | 2 | |
| Strength of the Wild | 2 | |
| Reinforced Hides | 4 | |
| Improved Bows | 1 | |
| Mark of the Claw | 1 | |
| Well Spring | 1 | |
| Ultravision | 1 | |
| Resistant Skin | 1 | |
| Hardened Skin | 1 | |
14 total
» buildings
| Moon Well | 7 | |
| Ancient of War | 1 | |
| Altar of Elders | 2 | |
| Tree of Ages | 2 | |
| Hunter's Hall | 1 | |
| Ancient of Lore | 2 | |
| Tree of Eternity | 2 | |
| Ancient of Wonders | 1 | |
| Ancient of Wind | 2 | |
| Tree of Life | 1 | |
21 total
» build order
00:23 Moon Well
00:37 Ancient of War
00:46 Altar of Elders
01:16 Altar of Elders
01:33 Moon Well
02:45 Tree of Ages
03:21 Moon Well
03:57 Hunter's Hall
05:05 Moon Well
05:48 Ancient of Lore
07:08 Tree of Eternity
07:13 Ancient of Wonders
07:45 Ancient of Wind
08:37 Moon Well
09:32 Moon Well
15:55 Moon Well
28:13 Tree of Life
29:52 Ancient of Wind
30:34 Ancient of Lore
» items
| Staff of Preservation | 1 | |
| Scroll of Town Portal | 7 | |
| Orb of Venom | 2 | |
| Potion of Healing | 2 | |
12 total
PiNk_LadY (
blue | 48 APM | 1530 actions | 31:42)
5 Mountain King
3 Storm Bolt
2 Bash
4 Paladin
2 Holy Light
1 Divine Shield
1 Devotion Aura
» actions
| Assign group hotkey | 74 | |
| Basic commands | 46 | |
| Build / train | 94 | |
| Enter build submenu | 30 | |
| Enter hero's abilities submenu | 9 | |
| Give item / drop item | 1 | |
| Remove unit from queue | 8 | |
| Right click | 536 | |
| Select / deselect | 298 | |
| Select group hotkey | 326 | |
| Use ability | 108 | |
1530 total
» units
| Peasant | 9 | |
| Footman | 11 | |
| Knight | 11 | |
| Rifleman | 2 | |
| Siege Engine | 7 | |
40 total
» upgrades
| Masonry | 2 | |
| Swords | 3 | |
| Plating | 3 | |
| Animal War Training | 1 | |
| Lumber Harvesting | 1 | |
| Barrage | 1 | |
| Fragmentation Shards | 1 | |
| Gunpowder | 1 | |
13 total
» buildings
| Altar of Kings | 1 | |
| Farm | 15 | |
| Barracks | 3 | |
| Blacksmith | 1 | |
| Scout Tower | 4 | |
| Lumber Mill | 1 | |
| Guard Tower | 4 | |
| Keep | 1 | |
| Arcane Vault | 1 | |
| Castle | 1 | |
| Workshop | 2 | |
34 total
» build order
00:12 Altar of Kings
00:18 Farm
00:26 Farm
00:30 Farm
00:55 Farm
01:06 Barracks
01:09 Barracks
02:02 Blacksmith
02:06 Scout Tower
02:12 Lumber Mill
02:25 Scout Tower
03:01 Guard Tower
03:18 Guard Tower
03:24 Scout Tower
05:22 Barracks
05:27 Keep
06:04 Guard Tower
06:12 Farm
06:13 Farm
06:15 Farm
07:11 Scout Tower
07:22 Arcane Vault
08:26 Guard Tower
09:12 Castle
15:51 Farm
19:56 Farm
19:57 Farm
19:58 Farm
19:59 Farm
20:00 Farm
20:06 Farm
20:06 Farm
24:09 Workshop
24:12 Workshop
» items
| Scroll of Regeneration | 6 | |
| Lesser Clarity Potion | 2 | |
| Scroll of Town Portal | 3 | |
| Potion of Healing | 1 | |
| Potion of Mana | 1 | |
13 total

»
Denneur (
pink | 32 APM | 342 actions | 10:39)
1 Dreadlord
1 Vampiric Aura
» actions
| Build / train | 24 | |
| Enter build submenu | 14 | |
| Enter hero's abilities submenu | 1 | |
| Right click | 164 | |
| Select / deselect | 131 | |
| Use ability | 8 | |
342 total
» units
| Acolyte | 7 | |
| Ghoul | 8 | |
| Crypt Fiend | 4 | |
19 total
» buildings
| Graveyard | 1 | |
| Crypt | 2 | |
| Altar of Darkness | 1 | |
| Ziggurat | 2 | |
| Spirit Tower | 1 | |
7 total
» build order
00:15 Graveyard
00:38 Crypt
00:42 Altar of Darkness
00:46 Crypt
01:29 Ziggurat
02:41 Spirit Tower
03:39 Ziggurat
Chat log
(00:12 / Allies) Dmitro: ooooo
(00:14 / Allies) DSSN: 4 ud
(00:17 / Allies) Dmitro: mass ghoul psl
(00:22 / Allies) Le_SkaTeUr: i make mass mele and siege
(00:27 / Allies) Dmitro: who vamp aura?
(00:37 / Allies) Le_SkaTeUr: me crypt lord
(00:46 / Allies) Dmitro: me vamp
(00:50 / Allies) DSSN: I'll go dk
(00:56 / Allies) Dmitro: +all skeletons pls
(01:59 / Allies) Bura1: meet
(02:02 / Allies) Le_SkaTeUr: k
(02:32 / Allies) Dmitro: go all
(02:43 / Allies) Le_SkaTeUr: meet
(03:42 / Allies) Le_SkaTeUr: go
(05:48 / Allies) Le_SkaTeUr: B
(08:04 / Allies) Le_SkaTeUr: gold please ?
(09:13 / All) DSSN: :(
(10:18 / Allies) Le_SkaTeUr: and after that re attack ? =)
(10:21 / Allies) DSSN: yeah
(10:23 / Allies) DSSN: pressure pink more
(10:39 / All) DSSN: Time for you to leave, pink.
(10:45 / All) boson: we
(13:58 / Allies) Le_SkaTeUr: gg team =)
(14:53 / Allies) DSSN: help me creep this after?
(14:59 / Allies) Dmitro: me
(15:16 / Allies) Le_SkaTeUr: lol
(15:52 / Allies) DSSN: counter
(15:56 / Allies) Bura1: coilk
(19:53 / Allies) Le_SkaTeUr: sry
(20:51 / Allies) Bura1: 7k
(20:52 / Allies) Le_SkaTeUr: i control the midle ^^
(21:50 / Allies) Dmitro: ty
(21:54 / Allies) Le_SkaTeUr: i have 3 gold mine
(24:09 / Allies) Le_SkaTeUr: meet ?
(24:54 / Allies) DSSN: come, orange
(25:09 / Allies) Bura1: go cat
(28:02 / Allies) Dmitro: min
(29:10 / Allies) DSSN: kill trees with the demos
(29:32 / Allies) Le_SkaTeUr: sry ^^
(30:09 / Allies) Bura1: gold pzl
(30:31 / Allies) Bura1: gold plz
(31:45 / All) DSSN: lol